 Dungeon Crawl Stone Soup version 0.21-a0-286-g6fcecc0 (webtiles) character file.

26002 tidbits the Martial Artist (level 12, -9/101 HPs)
             Began as a Demigod Transmuter on Sept 26, 2017.
             Mangled by a skeletal warrior
             ... wielding a +0 glaive
             ... led by a skeletal warrior
              (23 damage)
             ... on level 14 of the Dungeon.
             The game lasted 01:08:52 (7482 turns).

tidbits the Martial Artist (Demigod Transmuter)     Turns: 7482, Time: 01:08:52

Health: -9/101     AC: 15    Str: 17    XL:     12   Next: 58%
Magic:  22/26      EV: 16    Int: 21    God:
Gold:   428        SH:  0    Dex: 18    Spells: 11/24 levels left

rFire    . . .     SeeInvis +     - Unarmed
rCold    + . .     Gourm    .   (shield currently unavailable)
rNeg     . . .     Faith    .   B - +5 scale mail "Viemest" {rF+}
rPois    .         Spirit   .   E - +0 helmet
rElec    .         Reflect  .   C - +1 cloak
rCorr    .         Harm     .   (gloves currently unavailable)
MR       +....                  F - +0 pair of boots "Neotrut" {SInv}
Stlth    ..........             (no amulet)
HPRegen  0.26/turn              V - +1 ring of evasion
MPRegen  0.20/turn              t - ring of ice

@: about to teleport, blade hands
A: high mp 1, screaming 1, strong 1, evolution 1, sturdy frame 1
a: End Transformation


You were on level 14 of the Dungeon.
You were hungry.
You had blades for hands.
You visited 1 branch of the dungeon, and saw 14 of its levels.
You also visited: Labyrinth and Sewer.

You collected 652 gold pieces.
You spent 224 gold pieces at shops.

Inventory:

Hand Weapons
 a - a +0 scythe (melded)
 g - a +7 blowgun
 m - a +2 broad axe of electrocution
   (You took it off a minotaur in a labyrinth)
 D - a +4 flail of protection
   (You took it off Edmund on level 5 of the Dungeon)
Missiles
 l - a throwing net {!f}
 q - 15 tomahawks (quivered)
 J - 199 arrows
Armour
 e - a +2 shield of protection
   (You took it off a tengu warrior on level 14 of the Dungeon)
 B - the +5 scale mail "Viemest" (worn) {rF+}
   (You found it in a labyrinth)

   It protects you from fire.
 C - a +1 cloak (worn)
 E - a +0 helmet (worn)
 F - the +0 pair of boots "Neotrut" (worn) {SInv}
   (You found it on level 7 of the Dungeon)

   It lets you see invisible.
 G - a +1 pair of gloves (melded)
 H - a +2 leather armour of cold resistance
   (You took it off Duvessa on level 5 of the Dungeon)
 M - a +0 leather armour of poison resistance
   (You took it off an orc on level 9 of the Dungeon)
 U - a +0 buckler
Magical Staves
 X - an uncursed staff of earth
   (You found it in a labyrinth)
Jewellery
 t - a ring of ice (right scythe-like blade)
   (You found it in a labyrinth)
 V - a +1 ring of evasion (left scythe-like blade)
   (You found it on level 4 of the Dungeon)
Wands
 b - a wand of confusion (17/48)
 j - a wand of iceblast (6/15)
 n - a wand of paralysis (9/24)
 w - a wand of iceblast (9/15)
 y - a wand of lightning (8/15)
 K - a wand of polymorph (13/24)
 R - a wand of lightning (5/15)
Scrolls
 h - a scroll of random uselessness {unknown}
 k - 3 scrolls of noise
 o - 2 scrolls of recharging
 r - 5 scrolls of remove curse
 s - 4 scrolls of amnesia
 u - 4 scrolls of magic mapping
 v - a scroll of enchant armour {unknown}
 z - a scroll of blinking {unknown}
 L - a scroll of immolation {unknown}
 N - a scroll of vulnerability {unknown}
 Q - 3 scrolls of teleportation
Potions
 f - 4 potions of magic
 p - a potion of haste
 x - a potion of might
 O - a potion of invisibility
 P - 2 potions of curing
 W - 2 potions of brilliance
 Z - 3 potions of lignification
Books
 c - a book of Changes

   Spells                             Type                      Level
   a - Beastly Appendage              Transmutation                1
   b - Sticks to Snakes               Transmutation                2
   c - Spider Form                    Transmutation/Poison         3
   d - Ice Form                       Ice/Transmutation            4
   e - Blade Hands                    Transmutation                5
 Y - a book of Callings
   (You found it on level 9 of the Dungeon)

   Spells                             Type                      Level
   a - Summon Small Mammal            Summoning                    1
   b - Call Imp                       Summoning                    2
   c - Call Canine Familiar           Summoning                    3
   d - Summon Guardian Golem          Hexes/Summoning              3
   e - Summon Lightning Spire         Summoning/Air                4
   f - Summon Ice Beast               Ice/Summoning                4
Miscellaneous
 i - a lightning rod (4/4)
Comestibles
 d - 7 bread rations
 A - 5 meat rations
 I - 8 royal jellies
 T - 12 fruits


   Skills:
 - Level 7.6 Fighting
 - Level 8.1 Dodging
 - Level 12.1 Unarmed Combat
 + Level 6.5 Spellcasting
 + Level 1.7 Charms
 - Level 10.0 Transmutations
 + Level 1.9 Air Magic


You had 11 spell levels left.
You knew the following spells:

 Your Spells              Type           Power        Failure   Level  Hunger
e - Beastly Appendage     Tmut           #####.       11%         1    None
h - Blade Hands           Tmut           #####.....   45%         5    #####..
k - Sticks to Snakes      Tmut           #####...     12%         2    None
p - Spider Form           Tmut/Pois      ####......   41%         3    #......
W - Swiftness             Chrm/Air       ##......     54%         2    None


Dungeon Overview and Level Annotations

Branches:
Dungeon (14/15)            Temple (0/1) D:7            Lair (0/6) D:8
    Orc (0/2) D:9
 Vaults: D:13-14

Shops:
D:4 *   D:9 *

Annotations:
D:3 Ijyb


Innate Abilities, Weirdness & Mutations

You have an increased reservoir of magic. (+10% MP)
You occasionally shout uncontrollably at your foes.
Your muscles are strong. (Str +2)
You evolve.
Your movements are slightly less encumbered by armour. (ER -2)


Message History

You feel sick.
The skeletal warrior hits your adder with a battleaxe!!
Your adder dies!
You continue taking off your +2 shield of protection.
Your adder bites the skeletal warrior.
The skeletal warrior completely misses your adder.
You continue taking off your +2 shield of protection.
Your adder barely misses the skeletal warrior.
The skeletal warrior closely misses your adder.
You continue taking off your +2 shield of protection.
You feel sick.
Your adder bites the skeletal warrior but does no damage. x2
The skeletal warrior hits your adder with a battleaxe!
Your adder dies!
You finish taking off your +2 shield of protection.
You feel less protected.
As you read the scroll labeled AFRACA GEIS, it crumbles to dust.
You feel strangely unstable.
It was a scroll of teleportation.
You feel sick.
Your surroundings suddenly seem different.
You feel sick.
You feel sick.
Wield which item (- for none, * to show all)? (? for menu, Esc to quit)
a - a +0 scythe (weapon)
You swing at nothing.
You swing at nothing.
You feel sick.
You swing at nothing.
You swing at nothing.
You feel sick.
You are no longer poisoned.
You swing at nothing.
You swing at nothing.
You swing at nothing.
You swing at nothing.
You swing at nothing.
You swing at nothing.
You swing at nothing.
You swing at nothing.
You swing at nothing.
You swing at nothing.
You swing at nothing.
You swing at nothing.
You swing at nothing.
You swing at nothing.
You swing at nothing.
You swing at nothing.
You swing at nothing.
You swing at nothing.
You swing at nothing.
You swing at nothing.
You swing at nothing.
All of the chunks of flesh in your inventory have rotted away.
You swing at nothing.
You swing at nothing.
You swing at nothing.
You swing at nothing.
You swing at nothing.
You are feeling hungry.
A skeletal warrior opens the door.
You shout at the orc wizard!
An orc wizard and a shadow imp come into view.
You shout at the orc wizard!
You hear a shout! x3
Casting: Sticks to Snakes
Confirm with . or Enter, or press ? or * to list all spells.
Your hands turn into razor-sharp scythe blades.
Your +0 scythe melds into your body.
Your +1 pair of gloves melds into your body.
The skeletal warrior hits you but does no damage.
The skeletal warrior hits you but does no damage.
You slice the skeletal warrior!!
The skeletal warrior is moderately damaged.
You slash the skeletal warrior!
The skeletal warrior is heavily damaged.
The skeletal warrior hits you with a glaive!!
* * * LOW HITPOINT WARNING * * *
Okay, then.
As you read the scroll of teleportation, it crumbles to dust.
You feel strangely unstable. The skeletal warrior misses you.
You hit the skeletal warrior. You slash the skeletal warrior!
The skeletal warrior is almost destroyed.
The shadow imp hits you.
* * * LOW HITPOINT WARNING * * *
You hit the skeletal warrior.
The skeletal warrior is almost destroyed.
The skeletal warrior barely misses you. The shadow imp barely misses you.
You hit the skeletal warrior but do no damage.
The skeletal warrior is almost destroyed.
The orc wizard gestures wildly while chanting.
The orc wizard flickers and vanishes for a moment.
You barely miss the skeletal warrior. You slash the skeletal warrior.
The skeletal warrior is almost destroyed.
The shadow imp misses you.
The skeletal warrior hits you with a glaive.
* * * LOW HITPOINT WARNING * * *
You hit the skeletal warrior but do no damage.
The skeletal warrior is almost destroyed.
The shadow imp gestures at you. You resist with significant effort.
The skeletal warrior hits you with a glaive!!
You die...

####### #.....# #.....#
#.....# .. ###.....#####...
#...............
#...............
##############...............
................@........####
...............oz5.......#
../......................#
...z.......#######'#####.#
####.####### ... .# #.# ....
.# #.# ...... #.# ....... ###
.......


You could see a skeletal warrior, an orc wizard (invisible) and a shadow imp.

Vanquished Creatures
  Kirke (D:13)
  A minotaur (Lab)
  Fannar (D:12)
  3 hydras
  3 two-headed ogres
  A tengu warrior (D:14)
  2 skeletal warriors (D:14)
  An ugly thing (D:13)
  3 manticores
  A cyclops (D:12)
  A kobold demonologist (D:8)
  A gargoyle (D:11)
  An efreet (D:13)
  A tengu conjurer (D:14)
  The ghost of Shenda the Poker, an amateur DrFi (D:6)
  2 trolls
  2 dream sheep (D:8)
  A redback (Lab)
  Sigmund (D:5)
  2 wraiths (D:12)
  A shadow (Lab)
  2 basilisks (Lab)
  2 wyverns
  27 yaks
  10 hungry ghosts
  A soldier ant (D:9)
  Duvessa (D:5)
  2 water moccasins
  Purgy (Sewer)
  A swamp drake (D:10)
  3 ice beasts
  A phantom (D:12)
  2 slaves (D:8)
  3 black bears
  4 orc warriors
  4 sky beasts
  An eye of draining (D:9)
  7 ogres
  2 crocodiles
  10 centaurs
  7 big kobolds
  6 bullfrogs
  A wyvern zombie (D:6)
  Dowan (D:5)
  2 scorpions
  8 wights
  5 howler monkeys
  7 crimson imps
  6 orc priests
  2 bullfrog skeletons
  A gnoll shaman (D:6)
  2 hounds
  3 jellies
  A centaur skeleton (D:9)
  18 orc wizards
  An iguana (D:13)
  Natasha (D:3)
  3 worker ants
  A killer bee zombie (D:10)
  A hound zombie (D:11)
  2 hound skeletons
  A howler monkey zombie (D:7)
  9 gnolls
  10 adders
  3 river rats
  A shadow imp (D:5)
  An ooze (D:5)
  An adder skeleton (D:5)
  An adder zombie (D:5)
  A worm (D:2)
  6 dart slugs
  7 leopard geckos
  49 orcs
  6 bats
  7 giant cockroaches
  6 hobgoblins
  8 jackals
  2 quokkas
  5 ball pythons
  6 frilled lizards
  6 goblins
  18 kobolds
  5 rats
  A plant (D:10)
354 creatures vanquished.

Vanquished Creatures (collateral kills)
  A hydra (D:11)
  Pikel (D:8)
  Edmund (D:5)
  An ogre (D:9)
  A necrophage (D:9)
  A centaur (D:11)
  An orc wizard (D:6)
  A gnoll (D:6)
  An adder zombie (D:5)
  An adder skeleton (D:8)
  2 worms
  2 orcs
14 creatures vanquished.

Vanquished Creatures (others)
  A human (D:13)
  2 slaves (D:8)
  A plant (D:8)
4 creatures vanquished.

Grand Total: 372 creatures vanquished

Notes
Turn   | Place    | Note
-------+----------+-------------------------------------------
     0 | D:1      | tidbits the Demigod Transmuter began the quest for the Orb.
     0 | D:1      | Reached XP level 1. HP: 15/15 MP: 5/5
    96 | D:1      | Reached skill level 3 in Unarmed Combat
   103 | D:1      | Reached skill level 2 in Transmutations
   114 | D:1      | Reached XP level 2. HP: 15/22 MP: 5/7
   119 | D:1      | Learned a level 2 spell: Sticks to Snakes
   477 | D:2      | Reached XP level 3. HP: 22/27 MP: 8/8
   528 | D:2      | Reached skill level 2 in Spellcasting
   648 | D:2      | Learned a level 3 spell: Spider Form
   653 | D:3      | Reached skill level 3 in Transmutations
   662 | D:3      | Reached XP level 4. HP: 18/34 MP: 6/9
   853 | D:4      | Found Moba's General Store.
  1079 | D:4      | Gained mutation: You occasionally shout uncontrollably at your foes. [potion of mutation]
  1079 | D:4      | Gained mutation: You evolve. [potion of mutation]
  1079 | D:4      | Gained mutation: Your movements are slightly less encumbered by armour. (ER -2) [potion of mutation]
  1152 | D:4      | Found a glowing drain.
  1156 | Sewer    | Entered a sewer
  1181 | Sewer    | Noticed Purgy
  1196 | Sewer    | Killed Purgy
  1196 | Sewer    | Reached skill level 4 in Unarmed Combat
  1196 | Sewer    | Reached XP level 5. HP: 21/39 MP: 0/10
  1309 | D:4      | Noticed an ogre
  1319 | D:4      | Killed an ogre
  1319 | D:4      | Reached skill level 4 in Transmutations
  1375 | D:4      | Noticed an ogre
  1387 | D:4      | Killed an ogre
  1387 | D:4      | Reached skill level 5 in Unarmed Combat
  1387 | D:4      | Reached XP level 6. HP: 11/46 MP: 4/12
  1446 | D:3      | Noticed Ijyb
  1449 | D:3      | Noticed Natasha
  1470 | D:3      | Killed Natasha
  1534 | D:3      | Reached skill level 1 in Fighting
  1590 | D:5      | Entered Level 5 of the Dungeon
  1596 | D:5      | Reached skill level 2 in Dodging
  1632 | D:5      | Noticed Edmund
  1646 | D:5      | Killed Edmund
  1646 | D:5      | Reached skill level 6 in Unarmed Combat
  1646 | D:5      | Reached XP level 7. HP: 38/53 MP: 4/13
  1797 | D:5      | Reached skill level 2 in Fighting
  1837 | D:5      | Noticed Duvessa
  1837 | D:5      | Noticed Dowan
  1864 | D:5      | Killed Duvessa
  1868 | D:5      | Killed Dowan
  1868 | D:5      | Reached skill level 3 in Dodging
  1927 | D:6      | Noticed Shenda's ghost (amateur DrFi)
  1942 | D:5      | Found a stormy altar of Qazlal.
  1975 | D:5      | Noticed Sigmund
  1988 | D:5      | Killed Sigmund
  1988 | D:5      | Reached skill level 3 in Fighting
  1988 | D:5      | Reached skill level 7 in Unarmed Combat
  1993 | D:5      | Reached XP level 8. HP: 42/63 MP: 4/14
  2292 | D:6      | Reached skill level 4 in Dodging
  2390 | D:6      | Killed Shenda's ghost
  2390 | D:6      | Reached skill level 8 in Unarmed Combat
  2492 | D:7      | Reached skill level 4 in Fighting
  2601 | D:8      | Found a radiant altar of Vehumet.
  2653 | D:8      | Noticed Pikel
  2662 | D:8      | Killed Pikel
  2662 | D:8      | Reached skill level 5 in Dodging
  2662 | D:8      | Reached skill level 9 in Unarmed Combat
  2662 | D:8      | Reached XP level 9. HP: 33/72 MP: 3/15
  2744 | D:7      | Found a staircase to the Ecumenical Temple.
  2961 | D:8      | Found a staircase to the Lair.
  2983 | D:8      | Noticed a kobold demonologist
  2993 | D:8      | Killed a kobold demonologist
  2993 | D:8      | Reached skill level 5 in Fighting
  3336 | D:8      | Reached skill level 6 in Dodging
  3336 | D:8      | Reached skill level 10 in Unarmed Combat
  3366 | D:8      | Noticed a three-headed hydra
  3552 | D:7      | Got a pair of crude boots
  3558 | D:7      | Identified the cursed +0 pair of boots "Neotrut" {SInv} (You found it on level 7 of the Dungeon)
  3695 | D:8      | Killed a three-headed hydra
  3695 | D:8      | Reached skill level 6 in Fighting
  3695 | D:8      | Reached XP level 10. HP: 65/83 MP: 16/16
  3842 | D:9      | Found a staircase to the Orcish Mines.
  3883 | D:9      | Learned a level 5 spell: Blade Hands
  4031 | D:9      | Found a burning altar of Makhleb.
  4347 | D:10     | Entered Level 10 of the Dungeon
  4417 | D:10     | Reached skill level 3 in Spellcasting
  4465 | D:9      | Reached skill level 11 in Unarmed Combat
  4479 | D:9      | Found a blossoming altar of Fedhas.
  4481 | D:9      | Found a shimmering altar of Xom.
  4481 | D:9      | Found a radiant altar of Vehumet.
  4501 | D:9      | Found a shadowy altar of Dithmenos.
  4501 | D:9      | Found a shimmering altar of Xom.
  4501 | D:9      | Found a burning altar of Makhleb.
  4614 | D:9      | Reached skill level 5 in Transmutations
  4704 | D:9      | Found Ippab's General Store.
  4864 | D:9      | Bought 2 potions of lignification for 66 gold pieces
  4864 | D:9      | Bought 12 arrows for 26 gold pieces
  4864 | D:9      | Bought a potion of brilliance for 44 gold pieces
  4864 | D:9      | Bought a scroll of identify for 22 gold pieces
  4872 | D:9      | Bought a wand of iceblast (2/15) for 66 gold pieces
  4901 | D:10     | Found an ornate altar of the Wu Jian Council.
  4950 | D:10     | Noticed a two-headed ogre
  4963 | D:10     | Killed a two-headed ogre
  4963 | D:10     | Reached skill level 6 in Transmutations
  5296 | D:10     | Reached skill level 4 in Spellcasting
  5300 | D:10     | Reached XP level 11. HP: 68/91 MP: 17/20
  5320 | D:10     | Reached skill level 7 in Transmutations
  5488 | D:10     | Noticed a two-headed ogre
  5513 | D:10     | Killed a two-headed ogre
  5593 | D:11     | Reached skill level 8 in Transmutations
  5596 | D:11     | Reached skill level 5 in Spellcasting
  5627 | D:11     | Found a labyrinth entrance.
  5646 | Lab      | Entered a labyrinth
  5984 | Lab      | Noticed a minotaur
  5997 | Lab      | Killed a minotaur
  5997 | Lab      | Reached skill level 9 in Transmutations
  6046 | Lab      | Got a fine scale mail
  6062 | Lab      | Identified the +5 scale mail "Viemest" {rF+} (You found it in a labyrinth)
  6164 | D:11     | Noticed an eight-headed hydra
  6183 | D:11     | Killed an eight-headed hydra
  6255 | D:11     | Reached skill level 6 in Spellcasting
  6480 | D:12     | Noticed a two-headed ogre
  6487 | D:12     | Killed a two-headed ogre
  6487 | D:12     | Reached skill level 10 in Transmutations
  6584 | D:13     | Reached skill level 7 in Dodging
  6610 | D:13     | Found a blossoming altar of Fedhas.
  6683 | D:13     | Reached XP level 12. HP: 80/97 MP: 20/25
  6795 | D:14     | Reached skill level 7 in Fighting
  6920 | D:13     | Noticed Kirke
  6928 | D:13     | Killed Kirke
  6975 | D:13     | Noticed an eight-headed hydra
  6994 | D:13     | Killed an eight-headed hydra
  6994 | D:13     | Reached skill level 8 in Dodging
  6994 | D:13     | Reached skill level 12 in Unarmed Combat
  7190 | D:12     | Learned a level 2 spell: Swiftness
  7275 | D:12     | Noticed Fannar
  7294 | D:12     | Killed Fannar
  7294 | D:12     | Reached skill level 1 in Charms
  7294 | D:12     | Reached skill level 1 in Air Magic
  7302 | D:12     | Found a white marble altar of Elyvilon.
  7372 | D:13     | Noticed a five-headed hydra
  7380 | D:13     | Gained mutation: Your muscles are strong. (Str +2) [evolution]
  7383 | D:13     | Killed a five-headed hydra
  7482 | D:14     | Mangled by a skeletal warrior

Vault maps used:
D:1:      giann_bridges
D:3:      minmay_wonky_spiral, first_bread, uniq_ijyb, uniq_natasha
D:4:      kennysheep_six_static_rooms, gup_sewer_entry_bowl, serial_shops,
          shop_statue, minmay_misc_feat_diagonals
D:5:      basic_altar, serial_shops, nicolae_shop_crystal, uniq_duvessa,
          uniq_edmund, uniq_sigmund
D:7:      temple_statues, minmay_misc_feat_enclosed
D:8:      lair_entry_dummy, basic_altar, hangedman_ranch, uniq_pikel
D:9:      doesnt_xom_only_xom, hiddenorc1_lemuel, basic_altar, serial_shops,
          shop
D:10:     basic_altar, hangedman_abyss_or_decor_passed, pond
D:11:     lab_entry_generic, minivault_25
D:12:     basic_altar, minivault_23, kennysheep_small_square, uniq_fannar
D:13:     basic_altar, lemuel_hellish_altar, uniq_kirke
D:14:     grunt_vaults_entry_fortified, hex_tiny, hangedman_decor_lopped,
          nicolae_for_you_no_charge
Lab:      nicolae_lab_grate, nicolae_lab_plus, nicolae_lab_t_cross,
          nicolae_lab_x, nicolae_lab_big_swirl, nicolae_lab_swirl,
          nicolae_lab_hexagon, nicolae_lab_checkerboard,
          nicolae_lab_very_dead_end, nicolae_lab_stuck, nicolae_lab_starburst
Sewer:    sewer_co_purgy_island

Skill      XL: |  1  2  3  4  5  6  7  8  9 10 11 12 |
---------------+-------------------------------------+-----
Unarmed Combat | 3 4 5 6 7 9 10 11 12 | 12.1
Transmutations | 2 3 4 6 10 | 10.0
Spellcasting   | 2 4 6 |  6.5
Fighting       | 1 3 4 6 7 |  7.6
Dodging        | 2 3 5 6 7 8 |  8.1
Charms         | 1 |  1.7
Air Magic      | 1 |  1.9

Action                   |  1- 3 |  4- 6 |  7- 9 | 10-12 || total
-------------------------+-------+-------+-------+-------++-------
Melee: Unarmed           |    85 |    93 |   259 |   610 ||  1047
       Kick              |    10 |     1 |     1 |       ||    12
       Headbutt          |    10 |     1 |     3 |       ||    14
       Short sword       |    33 |    27 |     3 |       ||    63
       Punch             |     1 |       |       |    13 ||    14
       Flail             |       |       |    18 |       ||    18
       Scythe            |       |       |    11 |    11 ||    22
 Cast: Beastly Appendage |    21 |     2 |     3 |       ||    26
       Spider Form       |     1 |    16 |    32 |    43 ||    92
       Sticks to Snakes  |     1 |    10 |    18 |    56 ||    85
       Blade Hands       |       |       |       |    26 ||    26
 Abil: End Transformatio |       |     1 |     1 |     8 ||    10
Evoke: Wand              |       |     1 |     3 |     2 ||     6
  Use: Scroll            |     1 |     5 |     5 |    17 ||    28
       Potion            |       |     1 |     6 |     2 ||     9
 Stab: Sleeping          |       |       |     1 |       ||     1
       Distracted        |       |       |     1 |     2 ||     3
       Invisible         |       |       |       |     3 ||     3
  Eat: Chunk             |       |     6 |    14 |    26 ||    46
       Fruit             |       |       |       |     6 ||     6
Armor: Robe              |    48 |    10 |    17 |     1 ||    76
       Skin              |     1 |     5 |    29 |    12 ||    47
       Leather armour    |       |       |       |    13 ||    13
       Scale mail        |       |       |       |    88 ||    88
Dodge: Dodged            |    60 |    82 |   253 |   474 ||   869

Table legend:
 A = Spawn XP
 B = Non-spawn XP
 C = Spawn XP percentage of total XP
 D = Spawn monster count
 E = Non-spawn monster count
 F = Spawn count percentage of total count
 G = Total turns spent on level
                    A         B        C        D         E        F      G
               +---------+---------+-------+---------+---------+-------+---------
         Total |       0 |   37147 |   0.0 |       0 |     365 |   0.0 |  7482
               +---------+---------+-------+---------+---------+-------+---------
           D:1 |       0 |      46 |   0.0 |       0 |      24 |   0.0 |   420
           D:2 |       0 |      26 |   0.0 |       0 |       9 |   0.0 |   190
           D:3 |       0 |     142 |   0.0 |       0 |      18 |   0.0 |   296
           D:4 |       0 |     277 |   0.0 |       0 |      17 |   0.0 |   655
           D:5 |       0 |    1212 |   0.0 |       0 |      24 |   0.0 |   441
           D:6 |       0 |     717 |   0.0 |       0 |      19 |   0.0 |   383
           D:7 |       0 |     656 |   0.0 |       0 |      18 |   0.0 |   552
           D:8 |       0 |    3939 |   0.0 |       0 |      38 |   0.0 |   852
           D:9 |       0 |    2559 |   0.0 |       0 |      56 |   0.0 |   924
          D:10 |       0 |    6556 |   0.0 |       0 |      41 |   0.0 |   724
          D:11 |       0 |    2869 |   0.0 |       0 |      18 |   0.0 |   350
          D:12 |       0 |    4720 |   0.0 |       0 |      25 |   0.0 |   518
          D:13 |       0 |    6774 |   0.0 |       0 |      31 |   0.0 |   501
          D:14 |       0 |    2930 |   0.0 |       0 |       7 |   0.0 |   142
           Lab |       0 |    3571 |   0.0 |       0 |      14 |   0.0 |   447
         Sewer |       0 |     153 |   0.0 |       0 |       6 |   0.0 |    87
               +---------+---------+-------+---------+---------+-------+---------

Table legend:
 A = Turns spent in this place as a percentage of turns spent in the entire game.
 B = Non-inter-level travel turns spent in this place as a percentage of non-inter-level travel turns spent in the entire game.
 C = Inter-level travel turns spent in this place as a percentage of turns spent in this place.
 D = Turns resting spent in this place as a percentage of non-inter-level travel turns spent in this place.
 E = Turns spent auto-exploring this place as a percentage of non-inter-level travel turns spent in this place.
 F = Non-inter-level travel turns spent in this place divided by the number of levels of this place that you've seen.
                   A       B       C       D       E      F
               +-------+-------+-------+-------+-------+----------------------
         Total | 100.0 | 100.0 |   3.4 |   0.0 |   0.0 | 451.9
       Dungeon |  92.9 |  92.6 |   3.6 |   0.0 |   0.0 | 478.4
     Labyrinth |   6.0 |   6.2 |   0.0 |   0.0 |   0.0 | 447.0
         Sewer |   1.2 |   1.2 |   0.0 |   0.0 |   0.0 |  87.0
               +-------+-------+-------+-------+-------+----------------------

Table legend:
 A = Kills in this place as a percentage of kills in entire the game.
 B = Kills by you in this place as a percentage of kills by you in the entire game.
 C = Kills by friends in this place as a percentage of kills by friends in the entire game.
 D = Other kills in this place as a percentage of other kills in the entire game.
 E = Experience gained in this place as a percentage of experience gained in the entire game.
 F = Experience gained in this place divided by the number of levels of this place that you have seen.
                   A       B       C       D       E      F
               +-------+-------+-------+-------+-------+----------------------
         Total | 100.0 | 100.0 | 100.0 |   N/A | 100.0 | 2321.7
       Dungeon |  94.5 |  94.3 | 100.0 |   N/A |  90.0 | 2387.4
     Labyrinth |   3.8 |   4.0 |   0.0 |   N/A |   9.6 | 3571.0
         Sewer |   1.6 |   1.7 |   0.0 |   N/A |   0.4 | 153.0
               +-------+-------+-------+-------+-------+----------------------

Vault maps used:
D:1:      giann_bridges
D:3:      minmay_wonky_spiral, first_bread, uniq_ijyb, uniq_natasha
D:4:      kennysheep_six_static_rooms, gup_sewer_entry_bowl, serial_shops,
          shop_statue, minmay_misc_feat_diagonals
D:5:      basic_altar, serial_shops, nicolae_shop_crystal, uniq_duvessa,
          uniq_edmund, uniq_sigmund
D:7:      temple_statues, minmay_misc_feat_enclosed
D:8:      lair_entry_dummy, basic_altar, hangedman_ranch, uniq_pikel
D:9:      doesnt_xom_only_xom, hiddenorc1_lemuel, basic_altar, serial_shops,
          shop
D:10:     basic_altar, hangedman_abyss_or_decor_passed, pond
D:11:     lab_entry_generic, minivault_25
D:12:     basic_altar, minivault_23, kennysheep_small_square, uniq_fannar
D:13:     basic_altar, lemuel_hellish_altar, uniq_kirke
D:14:     grunt_vaults_entry_fortified, hex_tiny, hangedman_decor_lopped,
          nicolae_for_you_no_charge
Lab:      nicolae_lab_grate, nicolae_lab_plus, nicolae_lab_t_cross,
          nicolae_lab_x, nicolae_lab_big_swirl, nicolae_lab_swirl,
          nicolae_lab_hexagon, nicolae_lab_checkerboard,
          nicolae_lab_very_dead_end, nicolae_lab_stuck, nicolae_lab_starburst
Sewer:    sewer_co_purgy_island
